 Dungeon Crawl Stone Soup version 0.19.5 (webtiles) character file.

10663 Jynx the Bludgeoner (level 11, -8/102 HPs)
             Began as a Minotaur Fighter on Mar 12, 2017.
             Was a High Priest of Okawaru.
             Mangled by a cyan ugly thing (10 damage)
             ... on level 12 of the Dungeon on Mar 13, 2017.
             The game lasted 00:17:23 (11005 turns).

Jynx the Bludgeoner (Minotaur Fighter)             Turns: 11005, Time: 00:17:24

Health: -8/102     AC: 14    Str: 25    XL:     11   Next: 39%
Magic:  13/15      EV: 16    Int:  5    God:    Okawaru [*****.]
Gold:   585        SH:  0    Dex: 16    Spells: 0 memorised, 10 levels left

rFire  . . .     SeeInvis .     F - +6 mace of Irritation {drain, rPois rC++ Dex+5}
rCold  + + .     Gourm    .     R - +0 ring mail of Valour {Str+2}
rNeg   . . .     Faith    .     (no shield)
rPois  +         Spirit   .     (helmet restricted)
rElec  .         Reflect  .     H - +2 cloak
rCorr  .         Harm     .     y - +0 pair of gloves
MR     .....                    a - +1 pair of boots
Stlth  ++........               q - amulet of rage
                                K - +2 ring of evasion
                                N - ring of flight

@: about to teleport, heroism, slowed, very slow
A: retaliatory headbutt, horns 2
a: Heroism, Finesse, Renounce Religion, Evoke Berserk Rage, Evoke Flight


You were on level 12 of the Dungeon.
You worshipped Okawaru.
Okawaru was extremely pleased with you.
You were not hungry.

You visited 2 branches of the dungeon, and saw 13 of its levels.

You collected 585 gold pieces.

Inventory:

Hand Weapons
 F - the +6 mace of Irritation (weapon) {drain, rPois rC++ Dex+5}
   (You found it on level 4 of the Dungeon)

   A truly terrible weapon, it drains the life of those it strikes.
   It affects your dexterity (+5).
   It greatly protects you from cold.
   It protects you from poison.
Armour
 a - a +1 pair of boots (worn)
 c - a +0 shield
 y - a +0 pair of gloves (worn)
 H - a +2 cloak (worn)
 R - the +0 ring mail of Valour (worn) {Str+2}
   (You acquired it on level 10 of the Dungeon)

   It affects your strength (+2).
Jewellery
 k - a +1 ring of evasion
 n - an uncursed ring of resist corrosion
 q - an amulet of rage (around neck)
 K - a +2 ring of evasion (right hand)
 N - a ring of flight (left hand)
 Z - an uncursed amulet of harm {unknown}
Wands
 p - a wand of paralysis (11/24)
 v - a wand of teleportation (3/9)
 A - a wand of iceblast (11/15)
 M - a wand of random effects (26/48)
 P - a wand of teleportation (3/9)
 T - a wand of slowing (24/48)
Scrolls
 i - 3 scrolls of enchant weapon
 j - a scroll of recharging
 l - 3 scrolls of remove curse
 t - 2 scrolls of fear
 C - a scroll of fog
 G - 5 scrolls of teleportation
 J - a scroll of amnesia
 Q - a scroll of immolation
 W - 4 scrolls of noise
Potions
 b - a potion of brilliance {unknown}
 d - 2 potions of might
 e - 5 potions of curing
 g - 11 potions of degeneration
 h - 2 potions of lignification
 s - a potion of haste {unknown}
 u - 3 potions of mutation
 x - 2 potions of ambrosia
 z - 2 potions of heal wounds {unknown}
 B - a potion of cancellation {unknown}
 E - 4 potions of agility {unknown}
 I - a potion of flight {unknown}
 L - a potion of resistance {unknown}
 O - a potion of cure mutation {unknown}
 U - a potion of berserk rage {unknown}
Books
 X - a book of Air

   Spells                             Type                      Level
   a - Shock                          Conjuration/Air              1
   b - Swiftness                      Charms/Air                   2
   c - Repel Missiles                 Charms/Air                   2
   d - Static Discharge               Conjuration/Air              3
   e - Lightning Bolt                 Conjuration/Air              5
Comestibles
 f - 8 bread rations
 m - 4 beef jerkies
 o - 12 slices of pizza
 r - 5 meat rations
 w - 6 fruits
 D - 3 royal jellies
 S - a chunk of flesh


   Skills:
 + Level 11.5(16.5) Fighting
 * Level 15.3(20.3) Maces & Flails
 - Level 3.6(8.6) Armour
 - Level 3.6(8.6) Shields
 + Level 7.0 Evocations


You had 10 spell levels left.
You didn't know any spells.

Dungeon Overview and Level Annotations

Branches:
Dungeon (12/15)            Temple (1/1) D:6            Lair (0/6) D:10
    Orc (0/2) D:10

Altars:
Cheibriados
Elyvilon
Fedhas
Gozag
Hepliaklqana
Okawaru
Zin
The Shining One

Shops:
D:4 *   D:10 **(


Innate Abilities, Weirdness & Mutations

You reflexively headbutt those who attack you in melee.
You have a pair of horns on your head.


Message History

The cyan ugly thing trunk-slaps you but does no damage.
The wraith hits you!
* * * LOW HITPOINT WARNING * * *
The wraith drains your vigour!
You feel yourself slow down.
You thump the cyan ugly thing! You headbutt the cyan ugly thing!
The cyan ugly thing is almost dead.
The cyan ugly thing trunk-slaps you but does no damage.
The wraith hits you!
* * * LOW HITPOINT WARNING * * *
The wraith drains your vigour!
You feel as though you will be slow longer.
An orc comes into view. It is wielding a short sword.
As you read the scroll of teleportation, it crumbles to dust.
You feel strangely unstable.
The cyan ugly thing trunk-slaps you but does no damage.
The wraith hits you.
* * * LOW HITPOINT WARNING * * *
A cyclops comes into view.
The cyan ugly thing trunk-slaps you!
You die...

... ..............#
......... #............
........# #.........†#
........# #...........
........## ##...........
#.......###......(.....
#........††...........
#....>..÷.............
##....@................
###....Wuo............[..
................###......
........>......## #.....
......[>.>.....# .....
...............# ....
.......o........# ##.
###...C.......... #.
##............. .


You could see a cyan ugly thing, a cyclops, a wraith and 2 orcs.

Vanquished Creatures
  2 ugly things (D:12)
  Joseph (D:8)
  2 trolls
  The ghost of vuolankoinen the Twirler, an amateur HuWn of Ashenzari (D:4)
  A two-headed ogre (D:10)
  2 hippogriffs
  A wraith (D:12)
  2 vampires
  A shadow (D:11)
  A human (D:8)
  8 yaks
  4 vampire mosquitoes (D:12)
  2 mottled dragons
  2 sky beasts
  3 orc warriors
  A hornet zombie (D:10)
  8 ice beasts
  2 necrophages (D:9)
  A swamp drake (D:10)
  2 black bears
  4 ogres
  A crocodile (D:8)
  2 centaurs
  7 bullfrogs
  2 big kobolds (D:8)
  A wyvern zombie (D:8)
  5 scorpions
  7 killer bees
  12 wights
  2 electric eels (D:9)
  A howler monkey (D:7)
  3 crimson imps
  A bullfrog zombie (D:6)
  2 centaur skeletons
  7 hounds
  3 jellies
  4 orc priests
  6 orc wizards
  4 bullfrog skeletons
  4 iguanas
  Natasha (thrice) (D:3)
  9 worker ants
  2 hound zombies (D:10)
  A hound skeleton (D:5)
  A howler monkey zombie (D:7)
  2 worker ant zombies (D:10)
  5 gnolls
  8 adders
  4 shadow imps
  2 oozes
  An adder skeleton (D:5)
  A worm (D:3)
  2 dart slugs
  8 leopard geckos
  38 orcs
  3 giant cockroaches
  7 goblins
  4 hobgoblins
  4 jackals (D:3)
  11 kobolds
  6 quokkas
  2 ball pythons
  9 bats
  9 frilled lizards
  A leopard gecko zombie (D:5)
  6 rats
274 creatures vanquished.

Vanquished Creatures (others)
  2 plants (D:5)
  5 toadstools (D:1)
7 creatures vanquished.

Grand Total: 281 creatures vanquished

Notes
Turn   | Place    | Note
-------+----------+-------------------------------------------
     0 | D:1      | Jynx the Minotaur Fighter began the quest for the Orb.
     0 | D:1      | Reached XP level 1. HP: 19/19 MP: 0/0
   157 | D:1      | Reached skill level 3 in Maces & Flails
   157 | D:1      | Reached XP level 2. HP: 15/27 MP: 1/1
   488 | D:1      | Reached XP level 3. HP: 33/33 MP: 2/2
   809 | D:1      | Reached skill level 4 in Maces & Flails
   957 | D:2      | Found a snail-covered altar of Cheibriados.
  1400 | D:3      | Found an opulent altar of Gozag.
  1400 | D:3      | Found a faded altar of an unknown god.
  1405 | D:3      | Found a blossoming altar of Fedhas.
  1407 | D:3      | Found a faded altar of an unknown god.
  1409 | D:3      | Found a faded altar of an unknown god.
  1454 | D:3      | Noticed a scorpion
  1463 | D:3      | Killed a scorpion
  1463 | D:3      | Reached skill level 5 in Maces & Flails
  1463 | D:3      | Reached XP level 4. HP: 15/41 MP: 3/3
  1700 | D:3      | Noticed Natasha
  1706 | D:3      | Killed Natasha
  1735 | D:3      | Reached XP level 5. HP: 46/47 MP: 4/4
  1817 | D:3      | Found a hazy altar of Hepliaklqana.
  1860 | D:3      | Reached skill level 5 in Fighting
  2067 | D:3      | Noticed Natasha
  2073 | D:3      | Killed Natasha
  2198 | D:4      | Noticed vuolankoinen's ghost (amateur HuWn)
  2450 | D:3      | Reached skill level 6 in Maces & Flails
  2685 | D:3      | Noticed Natasha
  2690 | D:3      | Killed Natasha
  3085 | D:4      | Killed vuolankoinen's ghost
  3085 | D:4      | Reached skill level 7 in Maces & Flails
  3085 | D:4      | Reached XP level 6. HP: 44/57 MP: 5/5
  3378 | D:4      | Reached XP level 7. HP: 31/63 MP: 6/6
  3590 | D:4      | Reached skill level 8 in Maces & Flails
  3594 | D:4      | Got a twisted mace
  3595 | D:4      | Identified the +6 mace of Irritation {drain, rPois rC++ Dex+5} (You found it on level 4 of the Dungeon)
  3832 | D:4      | Found Zeohug's General Store.
  3949 | D:5      | Entered Level 5 of the Dungeon
  4003 | D:5      | Reached skill level 9 in Maces & Flails
  4349 | D:5      | Found a white marble altar of Elyvilon.
  4643 | D:5      | Reached XP level 8. HP: 73/73 MP: 7/7
  4748 | D:5      | Reached skill level 1 in Evocations
  5007 | D:6      | Found a staircase to the Ecumenical Temple.
  5021 | Temple   | Entered the Ecumenical Temple
  5030 | Temple   | Became a worshipper of Warmaster Okawaru
  5272 | D:6      | Reached skill level 10 in Maces & Flails
  5630 | D:7      | Reached * piety under Okawaru
  5901 | D:7      | Reached skill level 11 in Maces & Flails
  5992 | D:8      | Reached XP level 9. HP: 71/82 MP: 10/10
  6265 | D:8      | Reached ** piety under Okawaru
  6642 | D:8      | Reached skill level 12 in Maces & Flails
  6643 | D:8      | Noticed Joseph
  6650 | D:8      | Killed Joseph
  7340 | D:9      | Reached *** piety under Okawaru
  7340 | D:9      | Reached XP level 10. HP: 64/93 MP: 12/12
  7610 | D:9      | Reached skill level 13 in Maces & Flails
  7624 | D:9      | Reached skill level 5 in Evocations
  7738 | D:9      | Reached skill level 10 in Fighting
  8201 | D:9      | Reached **** piety under Okawaru
  8453 | D:10     | Entered Level 10 of the Dungeon
  8511 | D:10     | Reached skill level 14 in Maces & Flails
  8912 | D:10     | Found a staircase to the Orcish Mines.
  9285 | D:10     | Identified a scroll of acquirement
  9291 | D:10     | Got a warped ring mail
  9302 | D:10     | Identified the +0 ring mail of Valour {Str+2} (You acquired it on level 10 of the Dungeon)
  9373 | D:10     | Found Buprarph's Weapon Boutique.
  9385 | D:10     | Found Iroa's General Store.
  9390 | D:10     | Found a staircase to the Lair.
  9412 | D:10     | Found Hoboa's Humungous Hoard.
  9698 | D:11     | Reached ***** piety under Okawaru
  9920 | D:11     | Reached XP level 11. HP: 101/101 MP: 14/14
 10924 | D:12     | Reached skill level 15 in Maces & Flails
 10926 | D:12     | Noticed a brown ugly thing
 10937 | D:12     | Killed a brown ugly thing
 10984 | D:12     | Noticed a green ugly thing
 10987 | D:12     | Noticed a cyan ugly thing
 10992 | D:12     | Killed a green ugly thing
 11004 | D:12     | HP: 2/102 [wraith (5)]
 11005 | D:12     | Mangled by a cyan ugly thing

Skill      XL: |  1  2  3  4  5  6  7  8  9 10 11 |
---------------+----------------------------------+-----
Maces & Flails | 3 5 7 9 11 12 14 15 | 15.3
Fighting       | 4 5 6 7 8 9 10 11 | 11.5
Evocations     | 3 4 6 7 |  7.0
Armour         | |  3.6
Shields        | |  3.6

Action                   |  1- 3 |  4- 6 |  7- 9 | 10-12 || total
-------------------------+-------+-------+-------+-------++-------
Melee: Flail             |    85 |   102 |     6 |       ||   193
       Headbutt          |     8 |    25 |    60 |    81 ||   174
       Mace              |       |       |   243 |   315 ||   558
       Punch             |       |       |       |     1 ||     1
Invok: Heroism           |       |       |     1 |     4 ||     5
  Use: Scroll            |     4 |       |    10 |    12 ||    26
       Potion            |       |     1 |       |       ||     1
 Stab: Confused          |       |       |       |     2 ||     2
  Eat: Chunk             |     2 |     5 |    12 |    11 ||    30
       Fruit             |       |       |       |     1 ||     1
       Pizza             |       |       |       |     1 ||     1
Armor: Scale mail        |    55 |     2 |       |       ||    57
       Chain mail        |       |    54 |   116 |    88 ||   258
       Ring mail         |       |       |       |    59 ||    59
Dodge: Dodged            |    52 |    40 |   105 |   157 ||   354
